 Dungeon Crawl Stone Soup version 0.31-a0-187-gba352fbbf7 (webtiles) character file.

Game seed: 14919931302070112188

202 qw the Skirmisher (level 5, -4/29 HPs)
             Began as a Deep Elf Hunter on June 22, 2023.
             Slain by a gnoll
             ... wielding a +0 halberd
             ... led by a gnoll bouda
              (11 damage)
             ... on level 4 of the Dungeon.
             The game lasted 00:00:45 (2231 turns).

qw the Skirmisher (Deep Elf Hunter)                 Turns: 2231, Time: 00:00:45

Health: -4/29      AC:  5    Str: 10    XL:     5   Next: 50%
Magic:  7/7        EV: 14    Int: 14    God:
Gold:   164        SH:  0    Dex: 26    Spells: 4/4 levels left

rFire   . . .        Y - +1 shortbow
rCold   x . .        (shield currently unavailable)
rNeg    + . .        c - +0 leather armour
rPois   +            (no helmet)
rElec   .            (no cloak)
rCorr   .            e - +0 pair of gloves
SInv    .            b - +0 pair of boots of the Teacher {rC- Dex+8 Stlth+}
Will    .....        (no amulet)
Stlth   +++          f - ring of poison resistance
HPRegen 0.24/turn    d - ring of positive energy
MPRegen 0.10/turn

%: no passive effects
@: no status effects
A: no striking features
a: no special abilities


You were on level 4 of the Dungeon.
You visited 1 branch of the dungeon, and saw 4 of its levels.

You collected 164 gold pieces.


   Skills:
 - Level 1.5 Fighting
 + Level 8.5 Ranged Weapons
 - Level 3.5 Dodging
 - Level 1.2 Stealth


You had 4 spell levels left.
You didn't know any spells.
Your spell library was empty.

Inventory:

Hand Weapons
 Y - a +1 shortbow (weapon)
Armour
 b - the +0 pair of boots of the Teacher (worn) {rC- Dex+8 Stlth+}
   (You acquired it on level 3 of the Dungeon)

   Dex:       It affects your dexterity (+8).
   rC:        It makes you vulnerable to cold.
   Stlth:     It makes you more stealthy.
 c - a +0 leather armour (worn)
 e - a +0 pair of gloves (worn)
Jewellery
 d - a ring of positive energy (right hand)
 f - a ring of poison resistance (left hand)
Scrolls
 h - a scroll of teleportation {unknown}
Potions
 a - a potion of degeneration {unknown}
 g - a potion of cancellation {unknown}
 i - a potion of curing {unknown}

Dungeon Overview and Level Annotations

Branches:
Dungeon (4/15)
 Temple: D:4-7

Altars:
Okawaru
Qazlal

Annotations:
D:2 1 runed translucent door, Crazy Yiuf
D:4 Ijyb


Message History

You shoot an arrow. The arrow barely misses the gnoll.
The arrow hits the goblin!
You kill the goblin!
The gnoll hits you with a +0 club. x2
You shoot an arrow. The arrow barely misses the gnoll.
The arrow completely misses the scorpion.
The arrow hits the gnoll.
The gnoll is lightly wounded.
The gnoll misses you.
You shoot an arrow. The arrow hits the gnoll!
You kill the gnoll!
You have reached level 5!
You shoot an arrow. The arrow hits the scorpion!
The scorpion is severely wounded.
The scorpion barely misses you.
The scorpion stings you but does no damage.
You shoot an arrow. The arrow hits the scorpion.
The scorpion is almost dead.
The scorpion stings you.
You shoot an arrow. The arrow closely misses the scorpion.
The arrow closely misses the gnoll.
The arrow hits the gnoll.
The gnoll is moderately wounded.
The scorpion stings you but does no damage.
You shoot an arrow. The arrow hits the scorpion!
You kill the scorpion!
Your Ranged Weapons skill increases to level 8!
You shoot an arrow. The arrow hits the gnoll.
The gnoll is heavily wounded.
The gnoll closely misses you.
The gnoll hits you with a +2 flail of holy wrath.
You shoot an arrow. The arrow closely misses the gnoll.
The arrow hits the gnoll but does no damage.
The gnoll is moderately wounded.
The gnoll hits you but does no damage.
The gnoll hits you with a +2 flail of holy wrath.
The gnoll hits you from afar with a +0 halberd!
You shoot an arrow. The arrow hits the gnoll!
You kill the gnoll!
The gnoll hits you from afar with a +0 halberd!
You die...

##### #...# ##.#)###
#......###### ####
#....#....... #....
#....#.......
......#######....#.......
#....g)@................
##...#######....#.......
..... ##.##......... ).).
#...########## ._g ##.##
#...# # ). ##.#####...###
. #...##......##
##.###.#....##
##.###.#......


You could see a gnoll (swift).

Vanquished Creatures
  A scorpion (D:4)
  A gnoll bouda (D:4)
  Jessica (D:2)
  4 gnolls (D:4)
  A dart slug (D:3)
  7 bats
  3 endoplasms
  4 giant cockroaches
  5 hobgoblins
  3 quokkas
  6 ball pythons
  3 frilled lizards
  7 goblins
  6 kobolds
  5 rats
57 creatures vanquished.

Notes
Turn   | Place    | Note
-------+----------+-------------------------------------------
     0 | D:1      | qw the Deep Elf Hunter began the quest for the Orb.
     0 | D:1      | Reached XP level 1. HP: 12/12 MP: 3/3
     0 | D:1      | 0 ||| qw: Version: 0.3-a-9-g12657ce
     0 | D:1      | 0 ||| qw: Game counter: 2489
     0 | D:1      | 0 ||| qw: Always use a shield: true
     0 | D:1      | 0 ||| qw: God list: Okawaru
     0 | D:1      | 0 ||| qw: Allow faded altars: false
     0 | D:1      | 0 ||| qw: Do Orc after D:15 true
     0 | D:1      | 0 ||| qw: Do second Lair branch before Depths: true
     0 | D:1      | 0 ||| qw: Lair rune preference: random
     0 | D:1      | 0 ||| qw: Plans: Normal
     0 | D:1      | 0 ||| PLANNING D:1-11
    96 | D:1      | Reached XP level 2. HP: 16/16 MP: 4/4
   100 | D:1      | Reached skill level 6 in Ranged Weapons
   281 | D:1      | Reached XP level 3. HP: 20/20 MP: 5/5
   429 | D:1      | Found a faded altar of an unknown god.
   617 | D:1      | 617 ||| UPGRADING to +0 pair of gloves.
   622 | D:1      | 622 ||| UPGRADING to ring of poison resistance.
   623 | D:1      | 623 ||| READING scroll labelled VOCKIEMOIP.
   624 | D:1      | 624 ||| DROPPING scroll of butterflies.
   763 | D:2      | Found a stormy altar of Qazlal.
   939 | D:2      | Found a runed translucent door.
   940 | D:2      | Noticed Crazy Yiuf
   986 | D:2      | Noticed Jessica
   990 | D:2      | Killed Jessica
   991 | D:2      | Reached skill level 7 in Ranged Weapons
  1207 | D:2      | Reached XP level 4. HP: 25/25 MP: 6/6
  1484 | D:2      | 1484 ||| READING scroll labelled QUSTRI YTEIF.
  1485 | D:2      | 1485 ||| READING scroll labelled XIUVEOTWIC.
  2035 | D:3      | 2035 ||| UPGRADING to ring of positive energy.
  2036 | D:3      | 2036 ||| READING scroll labelled HUATUI XAKKO.
  2036 | D:3      | Identified a scroll of acquirement
  2036 | D:3      | 2036 ||| ACQUIRING +0 pair of boots of the Teacher {rC-
                  | Dex+8 Stlth+}
  2036 | D:3      | Acquired the +0 pair of boots of the Teacher {rC- Dex+8
                  | Stlth+}
  2038 | D:3      | 2038 ||| UPGRADING to +0 pair of boots of the Teacher {rC-
                  | Dex+8 Stlth+}.
  2043 | D:3      | 2043 ||| READING scroll labelled SAUFUA WAUPS.
  2044 | D:3      | 2044 ||| READING scroll labelled IFUOCKIQURCH.
  2086 | D:4      | Noticed a scorpion
  2099 | D:4      | Noticed Ijyb
  2102 | D:4      | 2102 ||| FLEEEEING.
  2103 | D:4      | 2103 ||| FLEEEEING.
  2104 | D:4      | 2104 ||| FLEEEEING.
  2105 | D:4      | 2105 ||| FLEEEEING.
  2106 | D:4      | 2106 ||| FLEEEEING.
  2107 | D:4      | 2107 ||| FLEEEEING.
  2109 | D:4      | 2109 ||| FLEEEEING.
  2110 | D:4      | 2110 ||| FLEEEEING.
  2111 | D:4      | 2111 ||| FLEEEEING.
  2205 | D:4      | Found an iron altar of Okawaru.
  2206 | D:4      | 2206 ||| PLANNING OKAWARU WORSHIP
  2206 | D:4      | 2206 ||| Stepping ~*~*~tactically~*~*~ (outnumbered).
  2216 | D:4      | Reached skill level 3 in Dodging
  2225 | D:4      | Reached XP level 5. HP: 19/29 MP: 7/7
  2229 | D:4      | Reached skill level 8 in Ranged Weapons
  2230 | D:4      | HP: 6/29 [gnoll/+0 halberd[a gnoll bouda] (9)]
  2231 | D:4      | Slain by a gnoll

Levels and vault maps discovered:
D:1:      ncdulo_smallfort, layout_basic, hellmonk_ecumenical_altar_arch_garden,
          minmay_pentomino_o2
D:2:      layout_loops_corners, basic_altar, serial_bayou_pond_c,
          uniq_crazy_yiuf_cottage, uniq_jessica
D:3:      layout_basic, hangedman_decor_slide_cut
D:4:      layout_basic, lemuel_tele_altar, okawaru_ov_weapons_minmay,
          lemuel_coloured_pillars_altar, amcnicky_mini_corridor_feature,
          uniq_ijyb

Skill      XL: |  1  2  3  4  5 |
---------------+----------------+-----
Ranged Weapons | 6 7 8 |  8.5
Dodging        | 3 |  3.5
Fighting       | |  1.5
Stealth        | |  1.2

Action                     |  1- 3 |  4- 6 || total
---------------------------+-------+-------++-------
   Fire: Shortbow          |    89 |    52 ||   141
    Use: Scroll            |     1 |     5 ||     6
 Armour: Leather armour    |     4 |     4 ||     8
  Dodge: Dodged            |    16 |    14 ||    30

Table legend:
 A = Non-vault XP
 B = Vault XP
 C = Vault XP percentage of total XP
 D = Non-vault monster count
 E = Vault monster count
 F = Vault count percentage of total count
                 A         B        C        D         E       F
            +---------+---------+-------+---------+---------+-------
      Total |     265 |      38 |  12.5 |      55 |       2 |   3.5
            +---------+---------+-------+---------+---------+-------
        D:1 |      46 |       1 |   2.1 |      29 |       1 |   3.3
        D:2 |      19 |      37 |  66.1 |      12 |       1 |   7.7
        D:3 |      12 |       0 |   0.0 |       6 |       0 |   0.0
        D:4 |     188 |       0 |   0.0 |       8 |       0 |   0.0
            +---------+---------+-------+---------+---------+-------
